 Dungeon Sprint DCSS version 0.24-a0-611-gfb3efd0 (webtiles) character file.

Game seed: 12943566409734298967, levelgen mode: deterministic

181 Faca the Cleaver (level 5, -6/40 (41) HPs)
             Began as a Formicid Fighter on Sept 9, 2019.
             Was an Initiate of Makhleb.
             Mangled by a polar bear (20 damage)
             ... in the Dungeon (Sprint V: "Ziggurat Sprint").
             The game lasted 00:01:29 (182 turns).

Faca the Cleaver (Formicid Fighter)                  Turns: 182, Time: 00:01:29

HP:   -6/40 (41)    AC: 16    Str: 34    XL:     5   Next: 92%
MP:   5/5           EV:  7    Int:  7    God:    Makhleb [......]
Gold: 0             SH: 13    Dex: 10    Spells: 4/4 levels left

rFire    . . .     SeeInvis +   y - +5 broad axe
rCold    . . .     Gourm    .   w - +3 shield
rNeg     . . .     Faith    .   x - +5 storm dragon scales
rPois    .         Spirit   .   (helmet unavailable)
rElec    +         Reflect  .   (no cloak)
rCorr    .         Harm     .   (no gloves)
MR       .....                  (no boots)
Stlth    ..........             (no amulet)
HPRegen  0.13/turn              E - +6 ring of strength
MPRegen  0.09/turn              F - +6 ring of strength

@: no status effects
A: permanent stasis, dig shafts and tunnels, four strong arms, antennae 3
a: Dig, Renounce Religion


You were in the Dungeon.
You worshipped Makhleb.
Makhleb was noncommittal.
You were not hungry.

You visited 1 branch

Inventory:

Hand Weapons
 b - a +5 battleaxe
 y - a +5 broad axe (weapon)
 z - a +5 executioner's axe
Armour
 c - +5 gold dragon scales
 v - a +3 large shield
 w - a +3 shield (worn)
 x - +5 storm dragon scales (worn)
 J - the +15 Maxwell's patent armour {-Cast -Tele rElec MR+ rCorr}
   (You found it in the Dungeon)

   It insulates you from electricity.
   It affects your resistance to hostile enchantments.
   It prevents spellcasting.
   It prevents most forms of teleportation.
   It provides partial protection from all sources of acid and corrosion.
Jewellery
 B - a +6 ring of dexterity
 D - a +6 ring of intelligence
 E - a +6 ring of strength (left hand)
 F - a +6 ring of strength (right hand)
Wands
 G - a wand of disintegration (7)
 H - a wand of iceblast (7)
 I - a wand of acid (7)
Scrolls
 o - 4 scrolls of amnesia
 q - 7 scrolls of fog
 r - a scroll of holy word
 s - 5 scrolls of identify
 t - 5 scrolls of remove curse
 u - 2 scrolls of fear
Potions
 d - 6 potions of might
 e - 10 potions of curing
 g - 14 potions of heal wounds
 i - 7 potions of magic
 l - 2 potions of brilliance
 m - 2 potions of invisibility
 n - 4 potions of resistance
 p - 5 potions of agility
Comestibles
 f - 7 rations


   Skills:
 - Level 3.2 Fighting
 + Level 11.9 Axes
 - Level 3.2 Armour
 - Level 3.6 Shields


You had 4 spell levels left.
You didn't know any spells.
Your spell library was empty.

Dungeon Overview and Level Annotations

Branches:
Dungeon (1/1)

Altars:
Ashenzari
Cheibriados
Dithmenos
Elyvilon
Fedhas
Gozag
Hepliaklqana
Kikubaaqudgha
Makhleb
Nemelex Xobeh
Okawaru
Qazlal
Ru
Sif Muna
Trog
Uskayaw
Vehumet
Wu Jian
Xom
Yredelemnul
Zin
The Shining One
Beogh
Jiyva
Lugonu

Annotations:
D 1 transporter


Innate Abilities, Weirdness & Mutations

You cannot be hasted, slowed, berserked, paralysed or teleported.
You can dig through walls and to a lower floor.
Your four strong arms can wield two-handed weapons with a shield.
You have a pair of large antennae on your head. (SInv)


Message History

Your shield and storm dragon scales prevent you from hitting the ice beast.
The polar bear bites you but does no damage.
The polar bear claws you but does no damage.
You block the polar bear's attack.
The ice beast hits you but does no damage.
You block the polar bear's attack.
The polar bear claws you but does no damage.
The polar bear claws you.
You completely miss the polar bear.
The polar bear is severely wounded.
Your shield and storm dragon scales prevent you from hitting the ice beast.
You block the ice beast's attack. You block the polar bear's attack.
The polar bear claws you but does no damage. x2
You slash the polar bear!
The polar bear is almost dead.
You slash the ice beast! You block the polar bear's attack.
The polar bear claws you. You block the polar bear's attack.
You block the ice beast's attack. The polar bear bites you!!
Ouch! That really hurt!
You die...

▓▓▓▓▓▓▓▓▓▓▓▓▓
▓.8©8.▓.8©8.▓
{{
▓.}|).▓.....▓
{
▓.....▓...).▓
▓....5▓.....▓
▓...hY▓.....▓
▓....@▓..©..▓
▓..©..▓▓▓▓▓▓▓
▓▓▓▓▓▓▓ {{
{{{ { { {


You could see a polar bear (berserk), an ice beast and a white imp.

Vanquished Creatures
  A necrophage (D)
  A phantom (D)
2 creatures vanquished.

Notes
Turn   | Place    | Note
-------+----------+-------------------------------------------
     0 | D        | Faca the Formicid Fighter began the quest for the Orb.
     0 | D        | Reached XP level 1. HP: 18/18 MP: 1/1
     0 | D        | Found a shimmering blue altar of Sif Muna.
     0 | D        | Found a bloodstained altar of Trog.
     0 | D        | Found a sacrificial altar of Ru.
     0 | D        | Found a stormy altar of Qazlal.
     0 | D        | Found an iron altar of Okawaru.
     1 | D        | Found a sparkling altar of Nemelex Xobeh.
     1 | D        | Found a blossoming altar of Fedhas.
     2 | D        | Found the +6 Majin-Bo {vamp, Archmagi MP+6 Int+6}
     2 | D        | Found the +7 great mace "Firestarter" {inner flame, rF++}
     3 | D        | Reached skill level 7 in Axes
     3 | D        | Reached XP level 2. HP: 24/24 MP: 2/2
     4 | D        | Found a transporter.
     4 | D        | Found an ancient bone altar of Kikubaaqudgha.
     4 | D        | Found a viscous altar of Jiyva.
     4 | D        | Found a corrupted altar of Lugonu.
     4 | D        | Found a hazy altar of Hepliaklqana.
     4 | D        | Found a burning altar of Makhleb.
     4 | D        | Found an opulent altar of Gozag.
    61 | D        | Found the +9 heavy crossbow "Sniper" {velocity, Acc+∞ SInv}
    61 | D        | Found the +10 dark maul {crush}
    61 | D        | Found the +15 Maxwell's patent armour {-Cast -Tele rElec
                  | MR+ rCorr}
    61 | D        | Found the +18 shield of the Gong {rElec rN+ MR+ EV-5}
    61 | D        | Found the cursed +14 obsidian axe {chop, +Fly SInv *Curse}
    63 | D        | Found the +6 shillelagh "Devastator" {shatter}
    63 | D        | Found the +11 plutonium sword {*Contam Stlth-}
    63 | D        | Found the +8 lance "Wyrmbane" {slay drac, rPois rF+ rC+
                  | AC+3}
    63 | D        | Found the +9 sword of Zonguldrok {reap}
    63 | D        | Found the cursed +13 scythe of Curses {drain, *Curse}
    63 | D        | Found the +0 sword of Power
    63 | D        | Found the +7 mace of Variability {chain chaos}
    63 | D        | Found the +7 Singing Sword {slice, sonic wave}
    63 | D        | Found the +8 storm bow {elec, penet}
    66 | D        | Became a worshipper of Makhleb the Destroyer
    79 | D        | Entered arena 2.
    79 | D        | Noticed a necrophage
    79 | D        | Noticed a phantom
    79 | D        | Found a transporter.
    86 | D        | Killed a necrophage
    86 | D        | Reached skill level 10 in Axes
    86 | D        | Reached XP level 3. HP: 25/28 MP: 3/3
    86 | D        | Reached XP level 4. HP: 30/34 MP: 4/4
    91 | D        | Killed a phantom
    91 | D        | Reached skill level 11 in Axes
    91 | D        | Reached XP level 5. HP: 29/40 MP: 5/5
   171 | D        | Entered arena 3.
   171 | D        | Noticed a polar bear
   171 | D        | Noticed an ice beast
   171 | D        | Found a transporter.
   182 | D        | Mangled by a polar bear

Levels and vault maps discovered:
D:        sprint_v [room_start, room_1, room_2, room_3, room_4, room_5, room_6,
          room_7, room_8, room_9, room_10, room_11, room_12, room_13, room_14,
          room_15, room_16, room_17, room_18, room_19, room_20, room_21,
          room_22, room_23, room_24, room_25, room_26, room_27]

Skill      XL: |  1  2  3  4 |
---------------+-------------+-----
Axes           | 7 10 11 | 11.9
Fighting       | |  3.2
Armour         | |  3.2
Shields        | |  3.6

Action                   |  1- 3 |  4- 6 || total
-------------------------+-------+-------++-------
Melee: Broad axe         |     6 |    10 ||    16
  Use: Potion            |     1 |       ||     1
Armor: Storm dragon scal |     1 |    19 ||    20
Dodge: Dodged            |     1 |     3 ||     4
Block: Shield            |     5 |    13 ||    18

Table legend:
 A = Non-vault XP
 B = Vault XP
 C = Vault XP percentage of total XP
 D = Non-vault monster count
 E = Vault monster count
 F = Vault count percentage of total count
                 A         B        C        D         E       F
            +---------+---------+-------+---------+---------+-------
      Total |       0 |     250 | 100.0 |       0 |       2 | 100.0
            +---------+---------+-------+---------+---------+-------
          D |       0 |     250 | 100.0 |       0 |       2 | 100.0
            +---------+---------+-------+---------+---------+-------
